 Dungeon Crawl Stone Soup version 0.26.0-10-g1f06aea511 (webtiles) character file.

Game seed: 11094929145955595360

104583 dohliylev the Severer (level 15, -3/145 HPs)
             Began as a Minotaur Berserker on Jan 17, 2021.
             Was the Champion of Trog.
             Blown up by an orb spider (40 damage)
             ... with an orb of destruction
             ... on level 2 of the Spider Nest.
             The game lasted 01:34:28 (24630 turns).

dohliylev the Severer (Minotaur Berserker)         Turns: 24630, Time: 01:34:29

Health: -3/145     AC: 30    Str: 39    XL:     15   Next: 92%
Magic:  23/23      EV: 15    Int:  8    God:    Trog [******]
Gold:   1093       SH: 24    Dex: 19    Spells: 14/14 levels left

rFire    + + .     SeeInvis .   z - +7 broad axe of Deas Fyu {vorpal, Str+3 Dex+2}
rCold    x . .     Faith    .   R - +4 kite shield "Woqef" {Int+4}
rNeg     + . .     Spirit   .   D - +8 plate armour of Osmoepep {Dex+6}
rPois    .         Reflect  +   (helmet restricted)
rElec    +         Harm     .   j - +0 cloak of the Mind {*Slow rElec MP+9 Str+3}
rCorr    .         Rampage  .   k - +2 pair of gloves "Badad" {rElec rF+}
Will     +++..                  a - +0 pair of boots
Stlth    ..........             J - amulet of reflection
HPRegen  1.34/turn              H - ring of Delud {rF+ rC- rN+ Str+6}
MPRegen  0.18/turn              I - +4 ring of slaying

@: lethally poisoned (-3 -> -3), berserk cooldown, regenerating, slowed, very
slow
A: retaliatory headbutt, horns 2
a: Renounce Religion, Berserk, Trog's Hand, Brothers in Arms


You were on level 2 of the Spider Nest.
You worshipped Trog.
Trog was exalted by your worship.
You visited 3 branches of the dungeon, and saw 21 of its levels.
You also visited: Sewer, Ossuary, Bailey, Gauntlet and Ice Cave.

You collected 2189 gold pieces.
You spent 1096 gold pieces at shops.

Inventory:

Hand Weapons
 z - the +7 broad axe of Deas Fyu (weapon) {vorpal, Str+3 Dex+2}
   (Trog gifted it to you on level 6 of the Lair of Beasts)

   It inflicts extra damage upon your enemies.
   It affects your strength (+3).
   It affects your dexterity (+2).
 B - a +2 battleaxe of flaming
 N - a +0 vampiric hand axe
 W - a +3 antimagic war axe
Armour
 a - a +0 pair of boots (worn)
 j - the +0 cloak of the Mind (worn) {*Slow rElec MP+9 Str+3}
   (You found it in a Gauntlet)

   It affects your strength (+3).
   It insulates you from electricity.
   It affects your magic capacity (+9).
   It may slow you when you take damage.
 k - the +2 pair of gloves "Badad" (worn) {rElec rF+}
   (You found it in a Gauntlet)

   It protects you from fire.
   It insulates you from electricity.
 D - the +8 plate armour of Osmoepep (worn) {Dex+6}
   (You found it on level 12 of the Dungeon)

   It affects your dexterity (+6).
 M - +0 ice dragon scales
 Q - a +2 cloak of poison resistance
 R - the +4 kite shield "Woqef" (worn) {Int+4}
   (You found it in a Gauntlet)

   It affects your intelligence (+4).
 S - +0 shadow dragon scales
Jewellery
 f - an uncursed ring of protection from fire
 x - an uncursed ring of see invisible
 y - a +6 ring of strength
 G - an uncursed ring of protection from cold
 H - the ring of Delud (left hand) {rF+ rC- rN+ Str+6}
   (You bought it in a shop on level 4 of the Dungeon)

   [ring of strength]

   It affects your strength (+6).
   It protects you from fire.
   It makes you vulnerable to cold.
   It protects you from negative energy.
 I - a +4 ring of slaying (right hand)
 J - an amulet of reflection (around neck)
 T - an uncursed ring of protection from cold
 U - an uncursed amulet of magic regeneration
Wands
 K - a wand of flame (27)
 L - a wand of digging (5)
 V - a wand of acid (7)
Scrolls
 c - a scroll of brand weapon
 i - 2 scrolls of fog
 m - 10 scrolls of remove curse
 n - 8 scrolls of fear
 p - 6 scrolls of enchant armour
 q - a scroll of torment {unknown}
 s - a scroll of blinking {unknown}
 u - a scroll of summoning
 v - 5 scrolls of enchant weapon
 A - 8 scrolls of teleportation
 C - 2 scrolls of acquirement
 E - a scroll of identify
Potions
 d - a potion of invisibility
 e - a potion of haste {unknown}
 g - 7 potions of flight
 h - a potion of magic {unknown}
 l - 6 potions of curing
 o - 5 potions of might
 r - a potion of berserk rage {unknown}
 t - a potion of attraction {unknown}
 w - 2 potions of cancellation {unknown}
 F - a potion of resistance {unknown}
 O - a potion of heal wounds
Miscellaneous
 b - a phial of floods
 P - a condenser vane


   Skills:
 + Level 16.6 Fighting
 + Level 20.8 Axes
 + Level 12.6 Armour
 + Level 9.3 Dodging
 + Level 12.0 Shields


You had 14 spell levels left.
You didn't know any spells.
Your spell library was empty.

Dungeon Overview and Level Annotations

Branches:
Dungeon (13/15)            Temple (0/1) D:6            Lair (6/6) D:11
  Swamp (0/4) Lair:2       Spider (2/4) Lair:3        Slime (0/5) Lair:6
    Orc (0/2) D:12          Sewer (visited)         Ossuary (visited)
 Bailey (visited)           IceCv (visited)         Gauntlet (visited)
 Vaults: D:13-14

Altars:
Ashenzari
Cheibriados
Fedhas
Kikubaaqudgha
Okawaru
Sif Muna
Vehumet
Wu Jian
Xom
Yredelemnul
Zin
The Shining One
Jiyva

Shops:
D:4 =   D:7 }

Annotations:
Lair:3 2 transporters, exclusion: 3 oklob plants, wakim's ghost, journeyman HOMo


Innate Abilities, Weirdness & Mutations

You reflexively headbutt those who attack you in melee.
You have a pair of horns on your head.


Message History

The jumping spider pounces on you but does no damage.
You block the jumping spider's attack. x2; The jumping spider misses you.
The orb of destruction hits you!!!
* * * LOW HITPOINT WARNING * * *
You closely miss the jumping spider. You headbutt the jumping spider!
You kill the jumping spider!
Trog accepts your kill.
You feel sick.
You feel sick.
Your skin crawls.
You feel strong-willed.
You feel sick.
The orb spider begins to weave its threads into a brightly glowing ball.
You feel sick.
You feel sick.
You feel sick.
The orb spider weaves a glowing orb of energy.
An orb of destruction comes into view.
The orb of destruction hits you!!!
You die...

. ##..## . ####†..#
# ##. #.†.### .#
#..##..††## .
.##..##.†..# .## .
.......s#†.###..#...
.#..#..#○..#.......#
. #...○........#
#.<#..@..##.###...
....#.##^...... ...#
###.....#...# ###
###########


You could see an orb spider.

Vanquished Creatures
  Nikola (Spider:1)
  Donald (Spider:2)
  The ghost of Nattefrost the Warrior, a journeyman DrGl of Dithmenos (D:9)
  2 entropy weavers (Spider:2)
  A minotaur (Gauntlet)
  A fire dragon (D:13)
  Snorg (Lair:3)
  The ghost of Noname the Cleaver, a journeyman MiFi of Uskayaw (D:11)
  An ice dragon (IceCv)
  A boulder beetle (Lair:6)
  7 hydras
  3 centaur warriors (D:13)
  A catoblepas (Lair:2)
  A dancing weapon (D:7)
  The ghost of Haraddelas the Transmogrifier, a journeyman OpTm of Okawaru (Lair:2)
  Erica (Lair:1)
  8 two-headed ogres
  6 death yaks (Gauntlet)
  Nergalle (Lair:4)
  A spectral death yak (Lair:2)
  An unseen horror (D:9)
  2 spectral hydras (Lair:2)
  7 orb spiders
  An orc knight (Bailey)
  A necromancer (Gauntlet)
  9 wolf spiders
  An oklob plant (Lair:6)
  A cyclops (D:13)
  5 slime creatures (D:12)
  A manticore (D:11)
  A deep elf mage (D:11)
  6 elephants (Lair:6)
  2 ice statues (IceCv)
  Joseph (D:8)
  The ghost of Tungsten the Magician, a novice DEVM of Vehumet (D:7)
  11 cane toads
  7 black mambas
  3 kobold demonologists
  12 komodo dragons
  5 rime drakes
  2 ice devils (D:12)
  4 demonic crawlers
  A tyrant leech (Lair:2)
  21 jumping spiders
  2 trolls
  3 meliai (Gauntlet)
  7 polar bears
  A dream sheep (Lair:6)
  12 blink frogs
  7 hornets
  Sigmund (D:2)
  11 tarantellas
  A vampire (D:12)
  23 redbacks
  13 spriggans (Lair:6)
  3 wyverns
  Grum (D:9)
  3 wraiths
  4 basilisks
  69 yaks
  2 spectral komodo dragons (Lair:2)
  3 swamp worms (Lair:2)
  17 water moccasins
  A hydra simulacrum (Lair:2)
  3 phantoms
  A hornet zombie (D:9)
  17 orc warriors
  20 ice beasts
  3 sky beasts
  Purgy (Sewer)
  6 black bears
  An eye of draining (D:10)
  4 boggarts (Lair:6)
  2 necrophages
  2 ogres
  34 wolves
  8 centaurs
  9 big kobolds
  20 bullfrogs
  3 scorpions
  15 killer bees
  6 wights
  5 howler monkeys
  2 electric eels
  A crimson imp (D:11)
  3 bullfrog zombies
  3 quasits
  6 hounds
  2 jellies
  2 bullfrog skeletons
  3 centaur zombies
  A gnoll shaman (D:7)
  5 centaur skeletons
  4 orc priests
  3 human zombies (Ossuary)
  Natasha (thrice) (D:3)
  Ijyb (D:3)
  Terence (D:3)
  4 iguanas
  11 orc wizards
  7 worker ants
  3 hound skeletons
  2 mummies (Ossuary)
  3 worker ant zombies
  25 adders
  11 gnolls
  3 shadow imps
  3 white imps
  An ooze (D:4)
  3 ufetubi
  2 adder skeletons
  3 adder zombies
  7 worms
  A dart slug (D:2)
  2 leopard geckos
  66 orcs
  4 giant cockroaches
  9 goblins
  6 hobgoblins
  9 jackals
  36 kobolds
  10 quokkas
  7 ball pythons
  12 bats
  3 frilled lizards
  A goblin zombie (D:9)
  10 hobgoblin zombies
  A jackal skeleton (D:4)
  4 jackal zombies (Ossuary)
  10 kobold skeletons
  18 kobold zombies
  An orc skeleton (D:9)
  15 orc zombies
  A quokka skeleton (D:4)
  11 rats
856 creatures vanquished.

Vanquished Creatures (collateral kills)
  An ice dragon (IceCv)
1 creature vanquished.

Vanquished Creatures (others)
  A goblin (D:13)
  2 bushes (Lair:6)
  53 fungi
  115 plants
  11 toadstools (Lair:6)
182 creatures vanquished.

Grand Total: 1039 creatures vanquished

Notes
Turn   | Place    | Note
-------+----------+-------------------------------------------
     0 | D:1      | dohliylev the Minotaur Berserker began the quest for the
                  | Orb.
     0 | D:1      | Reached XP level 1. HP: 19/19 MP: 0/0
    74 | D:1      | Found an ancient bone altar of Kikubaaqudgha.
    76 | D:1      | Found a hazy altar of Hepliaklqana.
    76 | D:1      | Found a shimmering altar of Xom.
    78 | D:1      | Found a stormy altar of Qazlal.
    78 | D:1      | Found a burning altar of Makhleb.
    78 | D:1      | Found an opulent altar of Gozag.
   432 | D:1      | Reached XP level 2. HP: 27/27 MP: 1/1
   438 | D:1      | Reached skill level 4 in Axes
  1164 | D:2      | Found an ornate altar of the Wu Jian Council.
  1266 | D:2      | Reached XP level 3. HP: 22/33 MP: 2/2
  1473 | D:2      | Reached ** piety under Trog
  1587 | D:2      | Found a basalt altar of Yredelemnul.
  1958 | D:2      | Reached XP level 4. HP: 31/41 MP: 3/3
  2163 | D:2      | Noticed Sigmund
  2173 | D:2      | Killed Sigmund
  2174 | D:2      | Reached skill level 5 in Fighting
  2174 | D:2      | Reached skill level 5 in Axes
  2174 | D:2      | Reached XP level 5. HP: 46/48 MP: 4/4
  2524 | D:3      | Found a glowing silver altar of Zin.
  2565 | D:3      | Reached XP level 6. HP: 53/56 MP: 5/5
  2593 | D:3      | Found a glowing drain.
  2600 | Sewer    | Entered a sewer
  2893 | Sewer    | Reached *** piety under Trog
  2894 | Sewer    | Reached skill level 6 in Axes
  2921 | Sewer    | Noticed Purgy
  2942 | Sewer    | Killed Purgy
  3976 | D:3      | Noticed Terence
  3988 | D:3      | Killed Terence
  4012 | D:3      | Noticed Natasha
  4022 | D:3      | Killed Natasha
  4098 | D:3      | Noticed Natasha
  4104 | D:3      | Killed Natasha
  4105 | D:3      | Reached XP level 7. HP: 61/62 MP: 6/6
  4244 | D:3      | Noticed Ijyb
  4244 | D:3      | Paralysed by Ijyb for 5 turns
  4254 | D:3      | Killed Ijyb
  4398 | D:3      | Noticed Natasha
  4412 | D:3      | Killed Natasha
  4413 | D:3      | Reached skill level 7 in Axes
  4975 | D:4      | Reached **** piety under Trog
  5137 | D:4      | Found Wexov's Jewellery Shop.
  5481 | D:5      | Entered Level 5 of the Dungeon
  5970 | D:5      | Found a radiant altar of Vehumet.
  6032 | D:5      | Reached skill level 8 in Axes
  6315 | D:5      | Reached XP level 8. HP: 70/71 MP: 7/7
  6652 | D:6      | Found a staircase to the Ecumenical Temple.
  6701 | D:6      | Reached skill level 5 in Armour
  6816 | D:6      | Found an iron altar of Okawaru.
  6872 | D:6      | Got a jewelled leather armour
  6883 | D:6      | Identified the +3 leather armour of Dice, Bag, and Bottle
                  | {+Inv Slay+2} (You found it on level 6 of the Dungeon)
  7094 | D:6      | Found a shimmering blue altar of Sif Muna.
  7240 | D:7      | Found Dixzeph's Gadget Shop.
  7286 | D:7      | Reached skill level 5 in Dodging
  7306 | D:7      | Found a sand-covered staircase.
  7309 | D:7      | Reached skill level 9 in Axes
  7323 | Ossuary  | Entered an ossuary
  7416 | Ossuary  | Reached ***** piety under Trog
  7751 | D:7      | Found a runed translucent door.
  7752 | D:7      | Found a shimmering altar of Xom.
  7752 | D:7      | Noticed Tungsten's ghost (novice DEVM)
  7752 | D:7      | Noticed a +0 dagger of chaos
  7778 | D:7      | Killed a +0 dagger of chaos
  7779 | D:7      | Reached skill level 10 in Axes
  7779 | D:7      | Reached XP level 9. HP: 81/81 MP: 8/8
  7780 | D:7      | Killed Tungsten's ghost
  7825 | D:7      | Reached skill level 11 in Axes
  7833 | D:7      | Got a crude leather armour
  7844 | D:7      | Identified the cursed +0 leather armour of Haxil {Int+2}
                  | (You found it on level 7 of the Dungeon)
  8323 | D:8      | Noticed a two-headed ogre
  8333 | D:8      | Killed a two-headed ogre
  8334 | D:8      | Reached skill level 12 in Axes
  8564 | D:8      | Noticed Joseph
  8572 | D:8      | Killed Joseph
  8573 | D:8      | Reached XP level 10. HP: 91/91 MP: 9/9
  8575 | D:8      | Noticed a two-headed ogre
  8590 | D:8      | Killed a two-headed ogre
  8850 | D:8      | Noticed a two-headed ogre
  8854 | D:8      | Killed a two-headed ogre
  8855 | D:8      | Reached skill level 10 in Fighting
  8855 | D:8      | Reached skill level 13 in Axes
  8954 | D:8      | Received a gift from Trog
  8958 | D:8      | Found a broken altar of Ashenzari.
  9626 | D:9      | Killed an unseen horror
  9627 | D:9      | Reached skill level 1 in Shields
  9632 | D:9      | Reached XP level 11. HP: 101/101 MP: 10/10
  9727 | D:9      | Noticed Grum
  9733 | D:9      | Killed Grum
  9849 | D:9      | Found a glowing golden altar of the Shining One.
  9857 | D:9      | Reached skill level 14 in Axes
 10082 | D:9      | Found a large runed translucent door.
 10104 | D:9      | Found a large runed translucent door.
 10104 | D:9      | Noticed Nattefrost's ghost (journeyman DrGl)
 10122 | D:9      | Killed Nattefrost's ghost
 10410 | D:10     | Entered Level 10 of the Dungeon
 10542 | D:10     | Noticed a two-headed ogre
 10548 | D:10     | Killed a two-headed ogre
 10713 | D:10     | Received a gift from Trog
 10714 | D:10     | Reached skill level 15 in Axes
 10771 | D:10     | Reached ****** piety under Trog
 10777 | D:10     | Found an ancient bone altar of Kikubaaqudgha.
 11154 | D:10     | Noticed a two-headed ogre
 11160 | D:10     | Killed a two-headed ogre
 11401 | D:11     | Noticed a two-headed ogre
 11410 | D:11     | Killed a two-headed ogre
 11492 | D:11     | Noticed Noname's ghost (journeyman MiFi)
 11496 | D:11     | Found a runed translucent gate.
 11496 | D:11     | Found a runed translucent gate.
 11496 | D:11     | Found a runed translucent gate.
 11499 | D:11     | Noticed a deep elf mage
 11503 | D:11     | Noticed a two-headed ogre
 11509 | D:11     | Killed a two-headed ogre
 11643 | D:11     | Reached XP level 12. HP: 112/112 MP: 11/11
 11676 | D:11     | Received a gift from Trog
 11680 | D:11     | Reached skill level 16 in Axes
 11939 | D:11     | Found a staircase to the Lair.
 12511 | D:11     | Killed Noname's ghost
 12592 | D:12     | Found a snail-covered altar of Cheibriados.
 12631 | D:12     | Got a smoking plate armour
 12741 | D:12     | Found a frozen archway.
 12754 | IceCv    | Entered an ice cave
 12817 | IceCv    | Identified the +8 plate armour of Osmoepep {Dex+6} (You
                  | found it on level 12 of the Dungeon)
 13194 | IceCv    | Reached skill level 17 in Axes
 13211 | IceCv    | Noticed an ice dragon
 13211 | IceCv    | Noticed an ice dragon
 13220 | IceCv    | Killed an ice dragon
 13225 | IceCv    | Killed an ice dragon
 13820 | D:12     | Found a staircase to the Orcish Mines.
 14191 | D:13     | Found a flagged portal.
 14423 | D:13     | Noticed a two-headed ogre
 14443 | D:13     | Killed a two-headed ogre
 14503 | Bailey   | Entered a bailey
 14697 | Bailey   | Received a gift from Trog
 14837 | Bailey   | Reached XP level 13. HP: 112/122 MP: 12/12
 14955 | D:13     | Noticed a fire dragon
 14967 | D:13     | HP: 3/183 [centaur warrior/arrow (11)]
 14971 | D:13     | Killed a fire dragon
 14972 | D:13     | Reached skill level 18 in Axes
 16276 | D:4      | Bought the ring of Delud {rF+ rC- rN+ Str+6} for 766 gold
                  | pieces
 16276 | D:4      | Bought an uncursed amulet of reflection for 330 gold pieces
 16442 | Lair:1   | Entered Level 1 of the Lair of Beasts
 16654 | Lair:1   | Noticed Erica
 16656 | Lair:1   | Killed Erica
 16803 | Lair:1   | Reached skill level 5 in Shields
 17458 | Lair:2   | Found a runed translucent gate.
 17458 | Lair:2   | Found a runed translucent gate.
 17458 | Lair:2   | Found a runed translucent gate.
 17460 | Lair:2   | Noticed Haraddelas's ghost (journeyman OpTm)
 17700 | Lair:2   | Reached skill level 19 in Axes
 17791 | Lair:2   | Received a gift from Trog
 18246 | Lair:2   | Found a staircase to the Swamp.
 18539 | Lair:2   | Killed Haraddelas's ghost
 18750 | Lair:3   | Reached XP level 14. HP: 133/133 MP: 13/13
 18757 | Lair:3   | Reached skill level 10 in Armour
 19052 | Lair:3   | Noticed Snorg
 19066 | Lair:3   | Killed Snorg
 19110 | Lair:3   | Found a hole to the Spider Nest.
 19247 | Lair:3   | Found a transporter.
 19249 | Lair:3   | Found a transporter.
 19270 | Lair:3   | Received a gift from Trog
 19286 | Lair:3   | Noticed wakim's ghost (journeyman HOMo)
 19546 | Lair:4   | Identified 2 scrolls of acquirement
 19716 | Lair:4   | Found a gate leading to a gauntlet.
 19737 | Gauntlet | Entered a Gauntlet
 19737 | Gauntlet | Found a large runed translucent door.
 19737 | Gauntlet | Found a large runed translucent door.
 19737 | Gauntlet | Found a large runed translucent door.
 19737 | Gauntlet | Found a large runed translucent door.
 19737 | Gauntlet | Found a large runed translucent door.
 19737 | Gauntlet | Found a large runed translucent door.
 19737 | Gauntlet | Found a runed translucent door.
 19737 | Gauntlet | Found a transporter.
 19737 | Gauntlet | Found a runed translucent door.
 19737 | Gauntlet | Found a large runed translucent door.
 19737 | Gauntlet | Found a large runed translucent door.
 19737 | Gauntlet | Found a large runed translucent door.
 19737 | Gauntlet | Found a large runed translucent door.
 19737 | Gauntlet | Found a large runed translucent door.
 19737 | Gauntlet | Found a large runed translucent door.
 19738 | Gauntlet | Found a large runed translucent door.
 19738 | Gauntlet | Found a large runed translucent door.
 19738 | Gauntlet | Found a large runed translucent door.
 19738 | Gauntlet | Found a large runed translucent door.
 19742 | Gauntlet | Found a transporter.
 19743 | Gauntlet | Found a runed translucent gate.
 19743 | Gauntlet | Found a runed translucent gate.
 19744 | Gauntlet | Found a transporter.
 19745 | Gauntlet | Found a transporter.
 19746 | Gauntlet | Found a runed translucent gate.
 19748 | Gauntlet | Found a transporter.
 19749 | Gauntlet | Found a transporter.
 19759 | Gauntlet | Found a transporter.
 19759 | Gauntlet | Found a transporter.
 19778 | Gauntlet | Found a transporter.
 19796 | Gauntlet | Found a transporter.
 19800 | Gauntlet | Found a transporter.
 19809 | Gauntlet | Found a transporter.
 19977 | Gauntlet | Got a slimy cloak
 19988 | Gauntlet | Identified the +0 cloak of the Mind {*Slow rElec MP+9
                  | Str+3} (You found it in a Gauntlet)
 20002 | Gauntlet | Reached skill level 15 in Fighting
 20077 | Gauntlet | Got a pair of distressingly furry gloves
 20083 | Gauntlet | Identified the +2 pair of gloves "Badad" {rElec rF+} (You
                  | found it in a Gauntlet)
 20220 | Gauntlet | Identified the Guide on Bewitchment
 20223 | Gauntlet | Got a steaming troll leather armour
 20230 | Gauntlet | Got a jewelled kite shield
 20369 | Lair:4   | Noticed Nergalle
 20383 | Lair:4   | Killed Nergalle
 20696 | Lair:5   | Reached skill level 20 in Axes
 21262 | Lair:5   | Identified the +4 kite shield "Woqef" {Int+4} (You found it
                  | in a Gauntlet)
 21273 | Lair:5   | Identified the +1 troll leather armour of the Planets
                  | {Regen+ Int+4 Dex+6} (You found it in a Gauntlet)
 21322 | Lair:6   | Entered Level 6 of the Lair of Beasts
 21353 | Lair:6   | Received a gift from Trog
 21369 | Lair:6   | Got an iridescent broad axe {god gift}
 21370 | Lair:6   | Identified the +7 broad axe of Deas Fyu {vorpal, Str+3
                  | Dex+2} (Trog gifted it to you on level 6 of the Lair of
                  | Beasts)
 21430 | Lair:6   | Got a fine ring mail
 21464 | Lair:6   | Identified the cursed +1 ring mail of Serendipity {Regen+
                  | Str+5} (You found it on level 6 of the Lair of Beasts)
 21494 | Lair:6   | Identified the cursed +0 hunting sling of Feucunn {vorpal,
                  | rN++ Int+5 Dex-2}
 21567 | Lair:6   | Reached XP level 15. HP: 141/141 MP: 14/14
 21819 | Lair:6   | Found a viscous altar of Jiyva.
 21819 | Lair:6   | Found a staircase to the Slime Pits.
 21834 | Lair:6   | Reached skill level 10 in Shields
 21901 | Lair:6   | Received a gift from Trog
 22240 | Lair:6   | Found a blossoming altar of Fedhas.
 22607 | Lair:6   | Found a blossoming altar of Fedhas.
 22657 | Lair:6   | Found a staircase to the Slime Pits.
 22657 | Lair:6   | Found a viscous altar of Jiyva.
 23422 | Spider:1 | Entered Level 1 of the Spider Nest
 23544 | Spider:1 | Noticed Nikola
 23556 | Spider:1 | Killed Nikola
 24368 | Spider:2 | Noticed Donald
 24382 | Spider:2 | Killed Donald
 24428 | Spider:2 | Received a gift from Trog
 24630 | Spider:2 | Blown up by an orb spider

Illustrated notes

Levels and vault maps discovered:
D:1:      ncdulo_watergridlock, layout_basic, serial_co_window_serial,
          co_window_corner_a, co_window_paths_b, co_window_paths_a,
          co_window_corner_a, co_window_paths_a, co_window_paths_c,
          co_window_corner_b, co_window_unsneaky_path_a, co_window_4corner_b,
          glass_columns_c, glass_columns_a, glass_columns_c, glass_columns_a,
          glass_columns_a, minivault_19, chequers_decorated_corner,
          doesnt_xom_only_xom
D:2:      layout_basic, old_standard_altar, lemuel_doored_altar, uniq_sigmund
D:3:      layout_loops_ring, zin_scriptorium, lightli_sewer_entry_pipes,
          kennysheep_boxes, uniq_natasha, uniq_terence, uniq_ijyb
D:4:      layout_cave_pods, serial_shops, nicolae_shop_waterfront
D:5:      layout_layer_cave, basic_altar
D:6:      layout_rooms, nicolae_overflow_crystal_walls, temple_statues,
          kennysheep_flooded_box
D:7:      layout_rooms, serial_shops, shop, ebering_ghost_xom,
          nicolae_ossuary_entry_ruins, minmay_fractal_squares_diagonal_5
D:8:      layout_basic, ashenzari_altar_1, grunt_potential, uniq_joseph
D:9:      minmay_bloctagon_deflated, layout_loops_ring,
          nicolae_tso_besieged_by_evil, ebering_ghost_disaster_area, uniq_grum
D:10:     wander_kiku_kobolds, layout_irregular_city, serial_rivers,
          chequers_serial_rivers_marsh, chequers_serial_rivers_large_a,
          chequers_serial_rivers_small_a, chequers_serial_rivers_small_a
D:11:     layout_irregular_city, david_lair_shrubbed, gammafunk_ghost_split,
          minmay_fire_ice_demons
D:12:     layout_basic, orc_0_dummy, portal_ice_cave_demonic_guard, basic_altar
D:13:     layout_grid_maze, lightli_bailey_entry_fortress
Lair:1:   layout_cave_pods, uniq_erica
Lair:2:   layout_chaotic_city, palyth_hydra_swamp_entry,
          gammafunk_ghost_necromancy, lemuel_fruit_fields, serial_bayou_shore_a
Lair:3:   layout_concentric_octagons, spider_nest_entry_funnel_web,
          gammafunk_ghost_hive, serial_bayou_pond_c, minmay_lair_oklob_chamber,
          lemuel_fruit_tree, grunt_megastairs_4, uniq_snorg
Lair:4:   layout_hall_layers, gauntlet_entry_generic, uniq_nergalle
Lair:5:   layout_long_grid, serial_bayou_shore_b, grunt_megastairs_1
Lair:6:   minmay_lair_end_enchanted_forest, layout_regular_city, slime_altar_1,
          tgw_fedhas
Spider:1: layout_spider_delve, uniq_nikola
Spider:2: layout_spider_delve, uniq_donald

Skill      XL: |  1  2  3  4  5  6  7  8  9 10 11 12 13 14 15 |
---------------+----------------------------------------------+-----
Axes           | 4 5 6 8 10 12 13 15 17 19 20 | 20.8
Fighting       | 4 5 6 8 9 10 12 13 14 15 16 | 16.6
Dodging        | 3 4 5 6 7 8 9 |  9.3
Armour         | 3 4 6 7 8 9 11 12 | 12.6
Shields        | 1 2 4 6 9 12 | 12.0

Action                   |  1- 3 |  4- 6 |  7- 9 | 10-12 | 13-15 || total
-------------------------+-------+-------+-------+-------+-------++-------
Melee: Hand axe          |    71 |   143 |   234 |    49 |   231 ||   728
       Headbutt          |     8 |    14 |    43 |   108 |   269 ||   442
       Broad axe         |       |       |       |   439 |   577 ||  1016
Invok: Berserk           |       |     5 |     9 |    15 |    16 ||    45
       Trog's Hand       |       |       |       |     3 |     2 ||     5
       Brothers in Arms  |       |       |       |     1 |       ||     1
  Use: Scroll            |       |     3 |     7 |     7 |    13 ||    30
       Potion            |       |       |       |     2 |       ||     2
 Stab: Sleeping          |       |       |       |     1 |       ||     1
Armor: Animal skin       |    14 |    22 |       |       |       ||    36
       Chain mail        |       |    16 |    40 |       |       ||    56
       Leather armour    |       |       |    50 |    95 |       ||   145
       Plate armour      |       |       |       |   111 |   290 ||   401
       Ice dragon scales |       |       |       |       |    11 ||    11
Dodge: Dodged            |    60 |   107 |   131 |   410 |   311 ||  1019
Block: Buckler           |       |       |     1 |   110 |   205 ||   316
       Reflection        |       |       |       |       |     3 ||     3
       Kite shield       |       |       |       |       |   293 ||   293
